AAA
BATON ROUGE BAYOU @ MOSCOW MULES
06/09/2060
 
TOP OF THE 1ST
Baton Rouge Bayou batting - Pitching for Moscow Mules : RHP Tom Bryant
Pitching: RHP Tom Bryant
Batting: RHB Huston Cruz 0-0: Ball
1-0: Ball
2-0: Foul Ball, location: 2F
2-1: SINGLE (Flyball, 34D, EV 83.8 MPH)
Batting: LHB Devin Kee 0-0: Ball
1-0: Foul Ball, location: 2F
1-1: Called Strike
Huston Cruz steals 2nd base
1-2: Strikes out swinging
Batting: LHB Jon MacKinnon 0-0: Called Strike
0-1: Called Strike
0-2: Ball
1-2: Ball
2-2: Strikes out swinging
Batting: LHB Kemper Small 0-0: 2-RUN HOME RUN (Flyball, 9D, EV 105.0 MPH), Distance : 401 ft
Batting: RHB Andy Bernard 0-0: Ball
1-0: Ball
2-0: Foul Ball, location: 2F
2-1: Fly out, F9 (Flyball, 89M, EV 96.2 MPH)
Top of the 1st over - 2 runs, 2 hits, 0 errors, 0 left on base; Baton Rouge 2 - Moscow 0
BOTTOM OF THE 1ST
Moscow Mules batting - Pitching for Baton Rouge Bayou : RHP Isaac Leadbeater
Pitching: RHP Isaac Leadbeater
Batting: LHB Dalton Winger 0-0: Called Strike
0-1: Ground out 4-3 (Groundball, 4, EV 90.0 MPH)
Batting: LHB Brian Washington 0-0: Called Strike
0-1: Swinging Strike
0-2: Strikes out swinging
Batting: LHB Billy Collins 0-0: SINGLE (Flyball, 56D, EV 85.0 MPH) - OUT at second base trying to stretch hit.
Bottom of the 1st over - 0 runs, 1 hit, 0 errors, 0 left on base; Baton Rouge 2 - Moscow 0
TOP OF THE 2ND
Baton Rouge Bayou batting - Pitching for Moscow Mules : RHP Tom Bryant
Batting: RHB Khaleen Romero 0-0: Swinging Strike
0-1: Foul Ball, location: 2F
0-2: Strikes out looking
Batting: RHB Tripp Kalifetona 0-0: Called Strike
0-1: Fly out, F8 (Flyball, 8LD, EV 83.8 MPH)
Batting: SHB Rob French 0-0: Called Strike
0-1: Foul Ball, location: 2F
0-2: Ball
1-2: Strikes out looking
Top of the 2nd over - 0 runs, 0 hits, 0 errors, 0 left on base; Baton Rouge 2 - Moscow 0
BOTTOM OF THE 2ND
Moscow Mules batting - Pitching for Baton Rouge Bayou : RHP Isaac Leadbeater
Batting: LHB Austin Anderson 0-0: Ball
1-0: Called Strike
1-1: Ground out 6-3 (Groundball, 6, EV 81.9 MPH)
Batting: RHB Mackey Ivo 0-0: Ball
1-0: Ball
2-0: Ball
3-0: Base on Balls
Batting: RHB Bailey Madry 0-0: Fly out, F7 (Line Drive, 7S, EV 92.5 MPH)
Batting: RHB DeAndrae Sainovic 0-0: Called Strike
0-1: Fly out, F9 (Flyball, 9D, EV 106.2 MPH)
Bottom of the 2nd over - 0 runs, 0 hits, 0 errors, 1 left on base; Baton Rouge 2 - Moscow 0
TOP OF THE 3RD
Baton Rouge Bayou batting - Pitching for Moscow Mules : RHP Tom Bryant
Batting: RHB James Wilson 0-0: Called Strike
0-1: Foul Ball, location: 2F
0-2: Foul Ball, location: 2F
0-2: Ball
1-2: Fly out, F7 (Line Drive, 78S, EV 91.2 MPH)
Batting: RHB Huston Cruz 0-0: Ball
1-0: Called Strike
1-1: Foul Ball, location: 2F
1-2: Ball
2-2: Ball
3-2: Foul Ball, location: 2F
3-2: Base on Balls
Batting: LHB Devin Kee 0-0: SINGLE (Flyball, 78S, EV 91.9 MPH)
Huston Cruz to second
Batting: LHB Jon MacKinnon 0-0: Ball
1-0: Ball
2-0: Called Strike
2-1: Foul Ball, location: 2F
2-2: SINGLE (Flyball, 8RS, EV 88.8 MPH)
Huston Cruz to third
Devin Kee to second
Runner from 3rd tries for Home, throw by CF and OUT! 8-2
Devin Kee to third
Jon MacKinnon to second
Batting: LHB Kemper Small 0-0: Ball
1-0: Ball
2-0: Called Strike
2-1: Foul Ball, location: 2F
2-2: Foul Ball, location: 2F
2-2: Strikes out looking
Top of the 3rd over - 0 runs, 2 hits, 0 errors, 2 left on base; Baton Rouge 2 - Moscow 0
BOTTOM OF THE 3RD
Moscow Mules batting - Pitching for Baton Rouge Bayou : RHP Isaac Leadbeater
Batting: RHB Cole Rega 0-0: Ball
1-0: Swinging Strike
1-1: SINGLE (Groundball, 4MD, EV 106.9 MPH)
Batting: RHB Nic Muth 0-0: SINGLE (Groundball, 6M, EV 110.6 MPH)
Cole Rega to second
Cole Rega to third
Batting: LHB Dalton Winger 0-0: Ball
1-0: Called Strike
1-1: Ball
2-1: SINGLE (Groundball, 6MD, EV 93.8 MPH)
Cole Rega scores
Nic Muth to second
Batting: LHB Brian Washington 0-0: Called Strike
0-1: Foul Ball, location: 2F
0-2: Strikes out swinging
Batting: LHB Billy Collins 0-0: Swinging Strike
0-1: Ball
1-1: Called Strike
1-2: Strikes out swinging
Batting: LHB Austin Anderson 0-0: Called Strike
0-1: Called Strike
0-2: Strikes out looking
Bottom of the 3rd over - 1 run, 3 hits, 0 errors, 2 left on base; Baton Rouge 2 - Moscow 1
TOP OF THE 4TH
Baton Rouge Bayou batting - Pitching for Moscow Mules : RHP Tom Bryant
Batting: RHB Andy Bernard 0-0: Called Strike
0-1: Ball
1-1: Ball
2-1: Ground out 6-3 (Groundball, 6, EV 86.2 MPH)
Batting: RHB Khaleen Romero 0-0: Ball
1-0: Ball
2-0: Foul Ball, location: 2F
2-1: Ball
3-1: Foul Ball, location: 2F
3-2: Base on Balls
Batting: RHB Tripp Kalifetona 0-0: Ball
1-0: Ball
2-0: Ball
3-0: Grounds into double play, 6-4-3 (Groundball, 56, EV 82.5 MPH)
Top of the 4th over - 0 runs, 0 hits, 0 errors, 0 left on base; Baton Rouge 2 - Moscow 1
BOTTOM OF THE 4TH
Moscow Mules batting - Pitching for Baton Rouge Bayou : RHP Isaac Leadbeater
Batting: RHB Mackey Ivo 0-0: Called Strike
0-1: Foul Ball, location: 2F
0-2: Strikes out swinging
Batting: RHB Bailey Madry 0-0: Swinging Strike
0-1: SINGLE (Groundball, 4, EV 97.5 MPH)
Batting: RHB DeAndrae Sainovic 0-0: Foul Ball, location: 2F
0-1: Foul Ball, location: 2F
0-2: Foul Ball, location: 2F
0-2: Strikes out looking
Batting: RHB Cole Rega 0-0: Ball
1-0: Swinging Strike
1-1: Fly out, F4 (Popup, 13S, EV 91.2 MPH)
Bottom of the 4th over - 0 runs, 1 hit, 0 errors, 1 left on base; Baton Rouge 2 - Moscow 1
TOP OF THE 5TH
Baton Rouge Bayou batting - Pitching for Moscow Mules : RHP Tom Bryant
Batting: SHB Rob French 0-0: SINGLE (Groundball, 34D, EV 104.4 MPH)
Batting: RHB James Wilson 0-0: Called Strike
0-1: Sac Bunt to 5S - play at first, batter OUT! 5-3
Rob French to second
Batting: RHB Huston Cruz 0-0: Called Strike
0-1: Swinging Strike
0-2: Fly out, F8 (Line Drive, 8RD, EV 103.1 MPH)
Batting: LHB Devin Kee 0-0: SINGLE (Flyball, 56D, EV 88.1 MPH)
Rob French to third
Batting: LHB Jon MacKinnon 0-0: Called Strike
0-1: Ball
1-1: Swinging Strike
1-2: Foul Ball, location: 2F
1-2: Ball
2-2: Foul Ball, location: 2F
2-2: Foul Ball, location: 2F
2-2: Strikes out swinging
Top of the 5th over - 0 runs, 2 hits, 0 errors, 2 left on base; Baton Rouge 2 - Moscow 1
BOTTOM OF THE 5TH
Moscow Mules batting - Pitching for Baton Rouge Bayou : RHP Isaac Leadbeater
Batting: RHB Nic Muth 0-0: Swinging Strike
0-1: Foul Ball, location: 2F
0-2: Ball
1-2: Foul Ball, location: 2F
1-2: Strikes out swinging
Batting: LHB Dalton Winger 0-0: Swinging Strike
0-1: Ball
1-1: Ball
2-1: Foul Ball, location: 2F
2-2: Foul Ball, location: 2F
2-2: Fly out, F9 (Line Drive, 9S, EV 96.9 MPH)
Batting: LHB Brian Washington 0-0: Called Strike
0-1: Swinging Strike
0-2: Ball
1-2: Strikes out swinging
Bottom of the 5th over - 0 runs, 0 hits, 0 errors, 0 left on base; Baton Rouge 2 - Moscow 1
TOP OF THE 6TH
Baton Rouge Bayou batting - Pitching for Moscow Mules : RHP Tom Bryant
Batting: LHB Kemper Small 0-0: SINGLE (Line Drive, 8RS, EV 93.1 MPH)
Batting: RHB Andy Bernard 0-0: Ball
1-0: Grounds into double play, 6-4-3 (Groundball, 6, EV 88.1 MPH)
Batting: RHB Khaleen Romero 0-0: Fly out, F8 (Flyball, 89D, EV 100.6 MPH)
Top of the 6th over - 0 runs, 1 hit, 0 errors, 0 left on base; Baton Rouge 2 - Moscow 1
BOTTOM OF THE 6TH
Moscow Mules batting - Pitching for Baton Rouge Bayou : RHP Isaac Leadbeater
Batting: LHB Billy Collins 0-0: Called Strike
0-1: Ball
1-1: Ball
2-1: Foul Ball, location: 2F
2-2: SINGLE (Line Drive, 78M, EV 91.2 MPH)
Batting: LHB Austin Anderson 0-0: Ball
1-0: Grounds into double play, 4-6-3 (Groundball, 4, EV 108.1 MPH)
Batting: RHB Mackey Ivo 0-0: Ball
1-0: Ball
2-0: Called Strike
2-1: Foul Ball, location: 2F
2-2: Foul Ball, location: 2F
2-2: Foul Ball, location: 2F
2-2: Strikes out swinging
Bottom of the 6th over - 0 runs, 1 hit, 0 errors, 0 left on base; Baton Rouge 2 - Moscow 1
TOP OF THE 7TH
Baton Rouge Bayou batting - Pitching for Moscow Mules : RHP Tom Bryant
Batting: RHB Tripp Kalifetona 0-0: Called Strike
0-1: Ball
1-1: Ball
2-1: Ground out 5-3 (Groundball, 5, EV 80.0 MPH)
Batting: SHB Rob French 0-0: Swinging Strike
0-1: Ball
1-1: Ball
2-1: Swinging Strike
2-2: Foul Ball, location: 2F
2-2: Strikes out looking
Batting: RHB James Wilson 0-0: Swinging Strike
0-1: Foul Ball, location: 2F
0-2: Foul Ball, location: 2F
0-2: Ball
1-2: Strikes out swinging
Top of the 7th over - 0 runs, 0 hits, 0 errors, 0 left on base; Baton Rouge 2 - Moscow 1
BOTTOM OF THE 7TH
Moscow Mules batting - Pitching for Baton Rouge Bayou : RHP Isaac Leadbeater
Batting: RHB Bailey Madry 0-0: Ball
1-0: Called Strike
1-1: SINGLE (Groundball, 34D, EV 95.0 MPH)
Pinch Hitting: LHB Kyle Williams 0-0: Bunt missed!
0-1: Ball
1-1: Sac Bunt to 3S - play at first, batter OUT! 3-4
Bailey Madry to second
Batting: RHB Cole Rega 0-0: Called Strike
0-1: Ball
1-1: Ground out 6-3 (Groundball, 6, EV 84.4 MPH)
Batting: RHB Nic Muth 0-0: Ball
1-0: Swinging Strike
1-1: Ground out 6-3 (Groundball, 6M, EV 86.9 MPH)
Bottom of the 7th over - 0 runs, 1 hit, 0 errors, 1 left on base; Baton Rouge 2 - Moscow 1
TOP OF THE 8TH
Baton Rouge Bayou batting - Pitching for Moscow Mules : RHP Tom Bryant
Pitching: LHP Anthony Haines
Now in LF: Shawn Douglas
Batting: RHB Huston Cruz 0-0: Foul Ball, location: 2F
0-1: Called Strike
0-2: Ball
1-2: Ball
2-2: Strikes out swinging
Batting: LHB Devin Kee 0-0: Ground out 6-3 (Groundball, 6M, EV 85.6 MPH)
Batting: LHB Jon MacKinnon 0-0: Foul Ball, location: 2F
0-1: Ball
1-1: Ball
2-1: Fly out, F9 (Line Drive, 9, EV 97.5 MPH)
Top of the 8th over - 0 runs, 0 hits, 0 errors, 0 left on base; Baton Rouge 2 - Moscow 1
BOTTOM OF THE 8TH
Moscow Mules batting - Pitching for Baton Rouge Bayou : RHP Isaac Leadbeater
Pitching: RHP Merrill Collier
Batting: LHB Dalton Winger 0-0: Ball
1-0: Swinging Strike
1-1: Ground out 6-3 (Groundball, 6, EV 88.8 MPH)
Batting: LHB Brian Washington 0-0: Called Strike
0-1: Ball
1-1: Ball
2-1: Ball
3-1: Base on Balls
Batting: LHB Billy Collins 0-0: Called Strike
0-1: Foul Ball, location: 2F
0-2: Ball
Wild Pitch!
Brian Washington to second
1-2: Strikes out looking
Batting: LHB Austin Anderson 0-0: Ball
1-0: Ball
2-0: Called Strike
2-1: Ball
3-1: Base on Balls
Batting: RHB Mackey Ivo 0-0: Called Strike
0-1: Ball
1-1: Fielders Choice at 2nd, 6-4 (Groundball, 6, EV 93.1 MPH)
Bottom of the 8th over - 0 runs, 0 hits, 0 errors, 2 left on base; Baton Rouge 2 - Moscow 1
TOP OF THE 9TH
Baton Rouge Bayou batting - Pitching for Moscow Mules : LHP Anthony Haines
Batting: RHB Seth Price 0-0: Swinging Strike
0-1: Foul Ball, location: 2F
0-2: Ball
1-2: Ball
2-2: Strikes out swinging
Batting: RHB Andy Bernard 0-0: Ball
1-0: Called Strike
1-1: Called Strike
1-2: Fly out, F9 (Flyball, 89S, EV 78.1 MPH)
Batting: RHB Khaleen Romero 0-0: Ball
1-0: DOUBLE (Groundball, 5L, EV 106.9 MPH)
Batting: RHB Tripp Kalifetona 0-0: Foul Ball, location: 2F
0-1: Called Strike
0-2: Strikes out swinging
Top of the 9th over - 0 runs, 1 hit, 0 errors, 1 left on base; Baton Rouge 2 - Moscow 1
BOTTOM OF THE 9TH
Moscow Mules batting - Pitching for Baton Rouge Bayou : RHP Merrill Collier
Batting: RHB Bailey Madry 0-0: Ball
1-0: Swinging Strike
1-1: Called Strike
1-2: SINGLE (Groundball, 56S, EV 95.6 MPH)
Batting: RHB Shawn Douglas 0-0: Called Strike
0-1: Ball
1-1: Called Strike
1-2: Strikes out swinging
Batting: RHB Cole Rega 0-0: Called Strike
0-1: Ball
1-1: Swinging Strike
1-2: Ground out 5-3 (Groundball, 6S, EV 85.0 MPH)
Bailey Madry to second
Pitching: LHP Derek Royalty
Batting: RHB Nic Muth 0-0: Called Strike
0-1: Ground out U3 (Groundball, 3L, EV 87.5 MPH)
Bottom of the 9th over - 0 runs, 1 hit, 0 errors, 1 left on base; Baton Rouge 2 - Moscow 1
Tuesday, May 7th , 2024 - OOTP Baseball 23.10 Build 110